[Event "Team 45 45 League T43"]
[Site "Internet Chess Club"]
[Date "2009.12.06"]
[Round "6"]
[White "MateIn42"]
[Black "scottrugby"]
[Result "0-1"]
[WhiteElo "1395"]
[BlackElo "1540"]
[Opening "Réti opening"]
[ECO "A04"]
[Time "22:00:31"]
[TimeControl "2700+45"]

1. Nf3 c5 2. g3 g6 3. Bg2 Bg7 4. O-O Nc6 5. d3 d6 6. e4 Bg4 7. Nbd2 Nf6 8. h3
Be6 9. Re1 Qc8 10. Rb1 Bxh3 11. Bxh3 Qxh3 12. Ng5 Qg4 13. Ndf3 h6 14. Nxf7 Kxf7
15. Kg2 Nd4 16. e5 Qxf3+ 17. Qxf3 Nxf3 18. e6+ Kf8 19. Kxf3 h5 20. b4 b6 21.
bxc5 dxc5 22. c4 Rd8 23. Rb3 Bh6 24. Bb2 Bg7 25. Be5 Ng4 26. Bf4 Bd4 27. Re2 Rg8
28. a4 g5 29. Bc1 Rd6 30. a5 Rg6 31. axb6 Rxb6 32. Rxb6 axb6 33. Kg2 Ne5 34. f4
gxf4 35. Bxf4 Nxd3 36. Bc7 h4 37. Bb8 Rg5 38. Kh3 hxg3 39. Bxg3 Be5 40. Bxe5
Rxe5 41. Rd2 Nf4+ 42. Kg4 Nxe6 43. Rb2 Nd8 44. Rxb6 Re4+ 45. Kf5 Rxc4 46. Rb8
Ke8 47. Rc8 Rc1 48. Ke4 c4 49. Kd4 c3 50. Rxc3 Rxc3 51. Kxc3 Kf7 52. Kd4 Kf6 53.
Ke4 Nc6 54. Ke3 Kf5 55. Kf3 e5 56. Ke3 e4 57. Kf2 Kf4 58. Ke2 e3 59. Ke1 Nd4 60.
Kd1 Kf3 {White resigns} 0-1

[Event "Team 45 45 League T43"]
[Site "Internet Chess Club"]
[Date "2009.12.07"]
[Round "6"]
[White "blackjack721"]
[Black "SleepyEyes"]
[Result "0-1"]
[WhiteElo "1658"]
[BlackElo "1741"]
[Opening "Scandinavian (center counter) defense"]
[ECO "B01"]
[Time "13:21:56"]
[TimeControl "2700+45"]

1. e4 d5 2. Nc3 d4 3. Nce2 e5 4. d3 Bg4 5. Nf3 Bxf3 6. gxf3 Nd7 7. Bh3 Be7 8.
Ng3 g6 9. Bd2 c6 10. Qe2 Bg5 11. Rg1 Bxd2+ 12. Qxd2 Qe7 13. f4 f6 14. O-O-O
O-O-O 15. fxe5 fxe5 16. f4 exf4 17. Qxf4 Nf6 18. Rge1 Rhf8 19. e5 Nh5 20. Qxd4
Nxg3 21. hxg3 Rf3 22. Qxa7 Rxg3 23. Bxd7+ Rxd7 24. Qa8+ Kc7 25. Kb1 h5 26. a4 h4
27. a5 Qc5 28. Re4 Rd8 29. Rc4 Qg1 30. Qxd8+ Kxd8 31. Rxg1 Rxg1+ 32. Ka2 g5 33.
Rb4 h3 34. Rxb7 h2 35. a6 h1=Q 36. a7 Ra1+ 37. Kb3 c5 38. Rg7 Qd5+ 39. Kc3 Qxe5+
40. Kc4 Qxg7 41. Kxc5 Qxb2 42. c4 Rxa7 43. Kd5 Rd7+ 44. Ke4 Qd4+ 45. Kf5 g4 46.
c5 Qxc5+ 47. Kxg4 Rxd3 48. Kf4 Rd4+ 49. Ke3 Qc3+ 50. Ke2 Rd2+ 51. Ke1 Qc1#
{White checkmated} 0-1

[Event "Team 45 45 League T43"]
[Site "Internet Chess Club"]
[Date "2009.12.09"]
[Round "6"]
[White "AntMantis"]
[Black "Kallistos"]
[Result "0-1"]
[WhiteElo "1653"]
[BlackElo "1693"]
[Opening "Queen's pawn: Charlick (Englund) gambit"]
[ECO "A40"]
[Time "13:00:20"]
[TimeControl "2700+45"]

1. d4 e5 2. c4 exd4 3. Qxd4 Nc6 4. Qd1 Bb4+ 5. Bd2 Nf6 6. Bxb4 Nxb4 7. Nc3 d6 8.
e3 Bf5 9. Rc1 O-O 10. a3 Nc6 11. Nf3 Qe7 12. Be2 Ne5 13. h3 Ne4 14. Nd5 Qd8 15.
O-O c6 16. Nf4 h6 17. Nd4 Bh7 18. Nd3 Qb6 19. Nb3 Rfe8 20. Kh2 Rad8 21. Qc2 Nxf2
22. Rxf2 Qxe3 23. Rcf1 Nxd3 24. Bd1 Nxf2 25. Qxf2 Qxf2 26. Rxf2 d5 27. cxd5 Rxd5
{White resigns} 0-1

[Event "Team 45 45 League T43"]
[Site "Internet Chess Club"]
[Date "2009.12.08"]
[Round "6"]
[White "jacknor"]
[Black "KoalieAwe"]
[Result "0-1"]
[WhiteElo "1505"]
[BlackElo "1508"]
[Opening "Scandinavian (center counter) defense"]
[ECO "B01"]
[Time "09:08:52"]
[TimeControl "2700+45"]

1. e4 d5 2. exd5 Qxd5 3. Nc3 Qa5 4. d4 c6 5. Nf3 Nf6 6. Bd2 Qc7 7. Bc4 Bf5 8.
O-O h6 9. Ne2 e6 10. Ng3 Bh7 11. c3 Bd6 12. Re1 Nd5 13. Ne4 Be7 14. a3 Nd7 15.
Ba2 O-O-O 16. Qa4 a6 17. c4 N5f6 18. Bb1 Nxe4 19. Bxe4 Bxe4 20. Rxe4 c5 21. d5
Nb6 22. Qb3 exd5 23. cxd5 Nxd5 24. Rc1 b6 25. Qa4 Qb7 26. b4 Nc3 27. Rxe7 Nxa4
28. Rxb7 Kxb7 29. bxc5 Nxc5 30. Bb4 Nd3 31. Rb1 Nxb4 32. axb4 Rd5 33. g3 Rhd8
34. Rb2 Rb5 35. Re2 Rd7 36. Re4 a5 37. bxa5 Rxa5 38. Re2 Rad5 39. Kg2 b5 40. Rb2
R7d6 41. Rb4 Rc5 42. Re4 Rb6 43. Nd2 b4 44. Nc4 Re6 45. Rd4 Rec6 46. Nd6+ Rxd6
47. Rxd6 b3 48. Rd1 b2 49. Rb1 Rc2 50. Kf3 Kb6 51. Ke3 Kb5 52. h3 Kb4 53. f3 Kb3
{White resigns} 0-1

[Event "Team 45 45 League T43"]
[Site "Internet Chess Club"]
[Date "2009.12.07"]
[Round "6"]
[White "wrimle"]
[Black "werty"]
[Result "0-1"]
[WhiteElo "1503"]
[BlackElo "1527"]
[Opening "French: advance, Euwe variation"]
[ECO "C02"]
[Time "14:49:20"]
[TimeControl "2700+45"]

1. e4 e6 2. d4 d5 3. e5 c5 4. c3 Nc6 5. Nf3 Bd7 6. Be2 Nge7 7. Na3 cxd4 8. cxd4
Nf5 9. Nc2 Qb6 10. O-O Be7 11. Rb1 Rc8 12. a3 O-O 13. b4 Rc7 14. Qd3 Rfc8 15. g4
Nh6 16. Ng5 Bxg5 17. Bxg5 Nxe5 18. dxe5 Rxc2 19. Bxh6 gxh6 20. Qh3 Rxe2 21. Qxh6
Rxe5 22. Qf6 Qd4 23. Rbd1 Qxg4+ 24. Kh1 Rf5 25. Rg1 Rxf6 26. Rxg4+ Rg6 27. Rgd4
Bb5 28. f4 a6 29. h3 f5 30. R1d2 Rc4 31. Rxc4 Bxc4 32. Kh2 Kf7 33. Rd4 b5 34.
Rd2 Kf6 35. Rd1 e5 36. fxe5+ Kxe5 37. Re1+ Kd6 38. Re3 h5 39. Re8 Rf6 40. Ra8
Ke5 41. Rc8 f4 42. a4 bxa4 43. Rxc4 dxc4 44. h4 f3 45. Kg1 f2+ 46. Kf1 c3 47. b5
axb5 48. Ke2 f1=Q+ {White resigns} 0-1

[Event "Team 45 45 League T43"]
[Site "Internet Chess Club"]
[Date "2009.12.06"]
[Round "6"]
[White "chess92192"]
[Black "Despair"]
[Result "1/2-1/2"]
[WhiteElo "2014"]
[BlackElo "1993"]
[Opening "Kevitz-Trajkovich defense"]
[ECO "A50"]
[Time "17:00:26"]
[TimeControl "2700+45"]

1. d4 Nf6 2. c4 Nc6 3. Nf3 g6 4. Nc3 b6 5. e4 d6 6. Be2 Bg7 7. O-O O-O 8. a3 Bb7
9. b4 Nxd4 10. Nxd4 c5 11. bxc5 dxc5 12. Ndb5 Nxe4 13. Qc2 a6 14. Rd1 Qb8 15.
Rb1 axb5 16. Nxe4 bxc4 17. Bxc4 Qc7 18. Nc3 e6 19. Nb5 Qb8 20. Bb2 e5 21. Qb3
Bc6 22. Rd2 Bh6 23. Re2 Bg7 24. Rbe1 e4 25. Bxg7 Kxg7 26. Qc3+ f6 27. Rd2 Rd8
28. Red1 Rxd2 29. Rxd2 Ra4 30. Qb3 Ra8 31. Qc3 Ra4 32. Rd1 Qf4 33. Qb3 e3 34.
Qxe3 Qxe3 35. fxe3 Rxc4 36. Na7 Ba4 37. Rb1 Rc3 38. Rxb6 Rxa3 39. Rb7+ Kh6 40.
Rc7 Ra1+ 41. Kf2 Ra2+ 42. Kg3 Bb3 43. Nb5 Bd5 44. Rxc5 Rxg2+ 45. Kh3 Rg5 46. Kh4
Rf5 47. Nc7 Be4 48. Rxf5 Bxf5 49. Ne8 g5+ 50. Kg3 Kg6 51. h4 Kf7 52. Nc7 h5 53.
Nb5 Bd3 54. Nd4 Be4 55. Nb5 Ke6 56. Nc7+ Ke5 57. Ne8 Bg6 58. Nc7 Ke4 59. hxg5
fxg5 60. Ne6 g4 61. Nf4 Bf7 62. Ng2 Be8 63. Kf2 Bb5 64. Kg3 Kf5 65. Nh4+ Ke4 66.
Ng2 Be2 67. Nf4 h4+ 68. Kxh4 Bf3 69. Kg3 Kxe3 70. Nh5 Ke4 71. Nf6+ Kf5 72. Nxg4
{Game drawn because neither player has mating material} 1/2-1/2

[Event "Team 45 45 League T43"]
[Site "Internet Chess Club"]
[Date "2009.12.05"]
[Round "6"]
[White "fishhead"]
[Black "hewdondada"]
[Result "0-1"]
[WhiteElo "1896"]
[BlackElo "1805"]
[Opening "Sicilian: Najdorf, Lipnitzky attack"]
[ECO "B90"]
[Time "17:04:55"]
[TimeControl "2700+45"]

1. e4 c5 2. Nf3 d6 3. d4 cxd4 4. Nxd4 Nf6 5. Nc3 a6 6. Bc4 g6 7. Bb3 Bg7 8. Bg5
Nbd7 9. Qd2 h6 10. Bh4 b5 11. f3 Bb7 12. O-O-O Rc8 13. Kb1 Nc5 14. Bd5 b4 15.
Nce2 Nxd5 16. exd5 Qb6 17. Nb3 Na4 18. Ned4 Bxd5 19. Bf2 Qc7 20. Qxb4 Bxb3 21.
Qxb3 Nxb2 22. Kxb2 Rb8 23. c3 Rxb3+ 24. axb3 O-O 25. Ra1 Rc8 26. Rhc1 Qb7 27.
Ra4 d5 28. Ne2 Qb5 29. Rc2 Qd3 30. Be1 Rb8 31. Rd2 Qb5 32. Ra3 e6 33. Kc2 e5 34.
Kd1 a5 35. Nc1 e4 36. Rda2 e3 37. Rxa5 Qf1 38. Rc5 d4 39. cxd4 Bxd4 40. Rc4 Rd8
41. Re2 Bc3+ 42. Kc2 Bxe1 43. Rxe3 Qf2+ 44. Re2 Rd2+ 45. Rxd2 Qxd2+ 46. Kb1 Bf2
47. Rc2 Qd4 48. Ne2 Qd1+ 49. Kb2 Bd4+ 50. Nxd4 Qxd4+ 51. Ka3 Qd6+ 52. Ka2 Qxh2
53. b4 h5 54. b5 h4 55. Rb2 h3 56. gxh3 Qxh3 57. Rb3 Qh2+ 58. Ka3 Qd6+ 59. Ka4
Qb6 60. Rc3 Kf8 61. Rc6 Qa7+ 62. Kb4 Ke7 63. b6 Qb7 64. Kc5 Kd7 65. Rf6 Kc8 66.
Rc6+ Kd8 67. Rd6+ Ke8 68. Rc6 Qa6 69. Rc7 Qa3+ 70. Kb5 Kd8 71. Ra7 Qb3+ 72. Ka6
Qa3+ 73. Kb5 Qxf3 74. Rc7 Qa3 75. Rc4 Qb3+ 76. Rb4 Qxb4+ {White resigns} 0-1

[Event "Team 45 45 League T43"]
[Site "Internet Chess Club"]
[Date "2009.12.07"]
[Round "6"]
[White "mugurelt"]
[Black "awb"]
[Result "1-0"]
[WhiteElo "1750"]
[BlackElo "1744"]
[Opening "English: symmetrical, main line with d3"]
[ECO "A38"]
[Time "17:02:22"]
[TimeControl "2700+45"]

1. c4 Nf6 2. Nc3 c5 3. Nf3 g6 4. g3 Nc6 5. Bg2 Bg7 6. O-O O-O 7. d3 d6 8. Qb3
Rb8 9. Bg5 Be6 10. Nd2 b5 11. Bxc6 bxc4 12. Qc2 cxd3 13. Qxd3 Rxb2 14. Rfb1 Rxd2
15. Qxd2 d5 16. Bxf6 Bxf6 17. e4 dxe4 18. Qe1 Qa5 19. Rc1 Bg5 20. Rc2 e3 21.
fxe3 Qb6 22. Bg2 c4 23. Re2 Bg4 24. Rb1 Qe6 25. Reb2 Bxe3+ 26. Kh1 Bd4 27. Qd2
Qe5 28. Re1 Qf6 29. Rc2 Bf5 30. Rcc1 Rb8 31. Nd5 Qg7 32. Nxe7+ Kh8 33. Nxf5 gxf5
34. Rxc4 Bb6 35. Rec1 Qf6 36. Rc6 Qd8 37. Qb2+ Kg8 38. Qe5 Bd4 39. Qxf5 f6 40.
Rc8 {Black resigns} 1-0

[Event "Team 45 45 League T43"]
[Site "Internet Chess Club"]
[Date "2009.12.05"]
[Round "6"]
[White "quotha"]
[Black "RD1974"]
[Result "1-0"]
[WhiteElo "1631"]
[BlackElo "1659"]
[Opening "Scandinavian (center counter) defense"]
[ECO "B01"]
[Time "14:53:27"]
[TimeControl "2700+45"]

1. e4 d5 2. exd5 Qxd5 3. Nf3 a6 4. c4 Qd6 5. d4 Nf6 6. Be2 e6 7. Nc3 Nbd7 8. O-O
b6 9. g3 Qe7 10. Bf4 Qd8 11. d5 Bd6 12. Bxd6 cxd6 13. dxe6 Ne5 14. Nxe5 dxe5 15.
Qa4+ Kf8 16. Rad1 Qc7 17. Qb4+ Qe7 18. Rd8+ Ne8 19. Qxb6 Bxe6 20. Rxa8 g6 21.
Nd5 Qg5 22. Qd6+ Kg7 23. Qe7 Qd2 24. Bg4 Bxg4 25. Qxe5+ Kh6 26. Qxh8 Qe2 27.
Rxe8 Qxc4 28. Qf8+ Kg5 29. h4+ Kf5 30. Qxf7# {Black checkmated} 1-0

[Event "Team 45 45 League T43"]
[Site "Internet Chess Club"]
[Date "2009.12.05"]
[Round "6"]
[White "LoseOften"]
[Black "natethegreat"]
[Result "0-1"]
[WhiteElo "1829"]
[BlackElo "1888"]
[Opening "Sicilian: Kan, 5.Nc3"]
[ECO "B43"]
[Time "12:14:52"]
[TimeControl "2700+45"]

1. e4 c5 2. Nf3 e6 3. d4 cxd4 4. Nxd4 a6 5. Nc3 Qc7 6. Bd3 Nf6 7. f4 d6 8. Qf3
Be7 9. O-O O-O 10. g4 b5 11. g5 Nfd7 12. Qh5 g6 13. Qh6 Re8 14. Rf3 Bf8 15. Qh4
Bg7 16. Be3 b4 17. Nce2 e5 18. Rh3 Nf8 19. Nf5 gxf5 20. exf5 e4 21. g6 Bxf5 22.
gxf7+ Qxf7 23. Rg3 exd3 24. cxd3 Ng6 25. Qg5 Bxd3 26. Bd4 Bxe2 27. Bxg7 Qa7+ 28.
Kg2 Qb7+ 29. Kf2 Qb6+ 30. Kg2 Kxg7 31. f5 Qc6+ 32. Kf2 Qc5+ 33. Kg2 Qd5+ 34. Kf2
Qd4+ 35. Kg2 Qe4+ 36. Kh3 Re5 37. Re1 Rxf5 38. Rxe2 Qd5 39. Re7+ Kg8 40. Re8+
Kf7 41. Qd8 Rh5+ {White resigns} 0-1

[Event "Team 45 45 League T43"]
[Site "Internet Chess Club"]
[Date "2009.12.09"]
[Round "6"]
[White "avila"]
[Black "shijith"]
[Result "0-1"]
[WhiteElo "1754"]
[BlackElo "1864"]
[Opening "French: advance, Euwe variation"]
[ECO "C02"]
[Time "19:34:05"]
[TimeControl "2700+45"]

1. e4 e6 2. d4 d5 3. e5 c5 4. c3 Nc6 5. Nf3 Bd7 6. a3 c4 7. Be2 Qb6 8. O-O Nge7
9. Nbd2 Na5 10. Re1 Ng6 11. Rb1 Be7 12. Qc2 O-O 13. Nf1 Rac8 14. Ng3 Qb3 15.
Qxb3 Nxb3 16. Nd2 Nxc1 17. Rbxc1 Bg5 18. Ngf1 f6 19. exf6 Rxf6 20. g3 Rcf8 21.
f4 Nxf4 22. gxf4 Rxf4 23. Ng3 R4f6 24. Ngf1 Rg6 25. Bh5 Be3+ {White resigns} 0-1

[Event "Team 45 45 League T43"]
[Site "Internet Chess Club"]
[Date "2009.12.03"]
[Round "6"]
[White "rubo"]
[Black "vkpanch"]
[Result "1-0"]
[WhiteElo "1785"]
[BlackElo "1664"]
[Opening "Bird's opening"]
[ECO "A02"]
[Time "21:30:22"]
[TimeControl "2700+45"]

1. f4 Nf6 2. Nf3 g6 3. b3 Bg7 4. Bb2 O-O 5. e3 d6 6. Be2 Nc6 7. O-O Bf5 8. Nh4
Bd7 9. Nf3 Re8 10. Qc1 e5 11. fxe5 Nxe5 12. Nxe5 dxe5 13. d3 c6 14. e4 Qb6+ 15.
Kh1 Bg4 16. Qd1 h5 17. h3 Bxe2 18. Qxe2 Rad8 19. Nd2 Nh7 20. Nf3 Qc7 21. Qf2 Rd7
22. Qxa7 Nf8 23. Qe3 Ne6 24. Rf2 Nf4 25. a4 Bh6 26. Qe1 Bg7 27. Qe3 Bh6 28. Qe1
Bg7 29. Qc3 Qb6 30. Raf1 Qe3 31. Ng1 f6 32. Bc1 Qd4 33. Qxd4 Rxd4 34. Bxf4 exf4
35. Rxf4 Ra8 36. Ne2 Rdd8 37. g4 g5 38. Rf5 h4 39. Kg2 Re8 40. Kf3 Re5 41. Ke3
Raa5 42. Nd4 Kf7 43. c4 Rxf5 44. Nxf5 b6 45. d4 Ra8 46. Kd3 Rd8 47. Ne3 Rd7 48.
Rf5 Ke6 49. d5+ Ke7 50. Kc3 c5 51. Kd3 Rd6 52. Nd1 Rd8 53. Rf2 Rd6 54. Ne3 Rd7
55. Rf3 Rd8 56. Nf5+ Kf7 57. e5 fxe5 58. Ke4 Bh8 59. Nxh4+ Kg7 60. Nf5+ Kg6 61.
Ne7+ Kh6 62. Nc6 Re8 63. Rf5 Kg6 64. Nxe5+ Kh6 65. d6 {Black resigns} 1-0

[Event "Team 45 45 League T43"]
[Site "Internet Chess Club"]
[Date "2009.12.05"]
[Round "6"]
[White "Caminator"]
[Black "Beancounter"]
[Result "1-0"]
[WhiteElo "1905"]
[BlackElo "1666"]
[Opening "Caro-Kann: closed (Breyer) variation"]
[ECO "B10"]
[Time "11:02:04"]
[TimeControl "2700+45"]

1. e4 c6 2. d3 d5 3. Nd2 e5 4. Ngf3 Bd6 5. g3 Nf6 6. Bg2 O-O 7. O-O Qc7 8. Re1
Bg4 9. b3 h6 10. Bb2 Nbd7 11. c4 d4 12. a3 c5 13. Qc2 b6 14. h3 Be6 15. Nh4 g6
16. Nf1 Kg7 17. Qd2 Be7 18. Bc1 Rh8 19. Qe2 Nh5 20. Nf3 Ndf6 21. g4 Nf4 22. Bxf4
exf4 23. Reb1 g5 24. b4 Rab8 25. b5 Nd7 26. N3d2 h5 27. a4 hxg4 28. hxg4 Ne5 29.
f3 Ng6 30. Nb3 Rh4 31. a5 Rbh8 32. axb6 axb6 33. Ra2 Ne5 34. Nbd2 Qd6 35. Kf2
Bxg4 36. fxg4 Nxg4+ 37. Ke1 Ne3 38. Nf3 Nxg2+ 39. Qxg2 Rh3 40. Nxg5 Qg6 41. Nxh3
{Black resigns} 1-0

[Event "Team 45 45 League T43"]
[Site "Internet Chess Club"]
[Date "2009.12.04"]
[Round "6"]
[White "chess2k7"]
[Black "katesolu"]
[Result "1-0"]
[WhiteElo "1940"]
[BlackElo "1741"]
[Opening "QGD Slav: Dutch variation"]
[ECO "D18"]
[Time "12:00:20"]
[TimeControl "2700+45"]

1. d4 d5 2. c4 c6 3. Nf3 Nf6 4. Nc3 dxc4 5. a4 Bf5 6. e3 e6 7. Bxc4 c5 8. O-O
Nc6 9. h3 Be7 10. dxc5 Bxc5 11. Qe2 O-O 12. Rd1 Qb6 13. Nh4 Rad8 14. Nxf5 exf5
15. Bd2 Ne5 16. Rab1 a5 17. Ba2 Rfe8 18. Qb5 Nd3 19. Qxb6 Bxb6 20. Bc4 Nc5 21.
b3 Nce4 22. Nxe4 Nxe4 23. Be1 g5 24. Bd5 Re7 25. Bxe4 Rxd1 26. Rxd1 Rxe4 27. Rd5
f4 28. Rxg5+ Kf8 29. Bxa5 Ba7 30. Rg4 Bb8 31. exf4 Rxf4 32. Rxf4 Bxf4 33. Kf1
Ke7 34. Ke2 Kd6 35. Kf3 Be5 36. Ke4 Bg7 37. f3 Ke6 38. Bb6 f5+ 39. Kd3 Kd5 40.
b4 Be5 41. b5 Bb8 42. a5 Bd6 43. a6 bxa6 44. bxa6 Kc6 45. a7 Kb7 46. g4 fxg4 47.
hxg4 {Black resigns} 1-0

[Event "Team 45 45 League T43"]
[Site "Internet Chess Club"]
[Date "2009.12.05"]
[Round "6"]
[White "jjmolina"]
[Black "jps7"]
[Result "1/2-1/2"]
[WhiteElo "1705"]
[BlackElo "1773"]
[Opening "French: Winawer, advance, 5.a3"]
[ECO "C17"]
[Time "11:00:18"]
[TimeControl "2700+45"]

1. e4 e6 2. d4 d5 3. Nc3 Bb4 4. e5 c5 5. a3 cxd4 6. axb4 dxc3 7. bxc3 Qc7 8. Qd4
Nc6 9. Bb5 Ne7 10. Nf3 O-O 11. Bxc6 bxc6 12. O-O Bb7 13. Bg5 Nf5 14. Qc5 Qb6 15.
Qxb6 axb6 16. Rxa8 Rxa8 17. g4 Nh6 18. h3 Kh8 19. Kg2 Ng8 20. Be3 b5 21. Bd4 Ra2
22. Rc1 Ne7 23. Ne1 Ng6 24. Nd3 h6 25. Kg3 Ne7 26. Nc5 Bc8 27. f4 g6 28. Nb3 Kg8
29. Bc5 Kf8 30. Na5 Bd7 31. Kf3 Ke8 32. Nb7 Nc8 33. Ke3 Ra8 34. Bd4 Rb8 35. Nc5
Nb6 36. Ra1 Ra8 37. Rxa8+ Nxa8 38. Nb7 Kf8 39. Bc5+ Kg7 40. h4 f6 41. Kd4 g5 42.
hxg5 hxg5 43. fxg5 fxg5 44. Be7 Kg6 45. Kc5 Be8 46. Na5 Nc7 47. Nxc6 d4 48. Nxd4
Nd5 49. Bd8 Nxc3 50. Nxe6 Ne4+ 51. Kb6 Bd7 52. Nc5 Bxg4 53. Nxe4 Bf5 54. Nxg5
Bxc2 55. Kxb5 Bd3+ 56. Kb6 Kf5 57. Nf7 Ke6 58. Nd6 Kxe5 59. Nb7 Kd5 60. Nc5 Bc4
61. Be7 Bf1 62. Bf8 Ke5 63. Nd7+ Ke6 64. Nb8 Kf7 65. Bc5 Ke6 66. Nc6 Kd7 67. Nd4
Kc8 68. Nf3 Bg2 69. Nd2 Bh1 70. Nc4 Bg2 71. Nb2 Kd7 72. Nd1 Bf3 73. Nc3 Kc8 74.
Ka7 Bh1 75. b5 Kc7 76. b6+ Kc8 77. Bd6 Kd7 78. Bc7 Kc8 79. Nb5 Kd7 80. Nd4 Bg2
81. Nf5 Bh1 82. Kb8 Bg2 83. Ne3 Bh1 84. Ka7 Kc8 85. Ka6 Bb7+ 86. Kb5 Be4 87. Kc4
Kb7 88. Kd4 Bh1 89. Kc5 Be4 90. Nc4 Bh1 91. Nd6+ Ka6 92. Bd8 Bg2 93. Kb4 Bh1 94.
Nb5 Kb7 95. Kc5 Kc8 96. Bf6 Kb7 97. Be5 Kc8 98. Nd6+ Kd7 99. b7 Bxb7 100. Nxb7
Ke6 101. Bd6 Kf5 102. Kd5 Kg4 103. Ke4 Kh3 104. Kf3 Kh4 105. Nd8 Kg5 106. Be7+
Kf5 107. Nc6 Ke6 108. Bb4 Kd5 109. Ne7+ Ke6 110. Ng6 Kd5 111. Ke3 Kc4 112. Be7
Kd5 113. Kf4 Kc4 114. Ke5 Kb5 115. Nf4 Kc6 116. Bd6 Kb5 117. Nd5 Kc6 118. Be7
Kb5 119. Kd4 Kc6 120. Kc4 Kd7 121. Kc5 Ke6 122. Kd4 Kd7 123. Ke5 Kc6 124. Nf6
Kc7 125. Kd5 Kb6 126. Nd7+ Kc7 127. Nc5 Kb6 128. Bd8+ Ka7 129. Bc7 Ka8 130. Kc6
Ka7 131. Kd7 Ka8 132. Kc8 Ka7 133. Nd7 Ka6 134. Kb8 Kb5 135. Kb7 Kc4 136. Ne5+
Kd5 137. Bb8 Ke4 138. Kc6 Kd4 139. Bd6 Ke4 140. Nf7 Kd4 141. Be5+ Ke4 142. Kd6
Kf5 143. Ke7 Ke4 144. Bf6 Kf5 145. Nh6+ Ke4 146. Ke6 Kf3 147. Bh4 Ke4 148. Nf7
Kf3 149. Kf5 Kg2 150. Ne5 Kf1 {Game drawn by the 50 move rule} 1/2-1/2

[Event "Team 45 45 League T43"]
[Site "Internet Chess Club"]
[Date "2009.12.04"]
[Round "6"]
[White "tammany"]
[Black "Juan73"]
[Result "1-0"]
[WhiteElo "1666"]
[BlackElo "1604"]
[Opening "Queen's pawn game, Chigorin variation"]
[ECO "A04"]
[Time "20:00:28"]
[TimeControl "2700+45"]

1. Nf3 Nc6 2. d4 d5 3. Bf4 Bf5 4. e3 a6 5. c4 Nf6 6. cxd5 Nxd5 7. Bc4 Nxf4 8.
exf4 e6 9. O-O Qd6 10. d5 exd5 11. Bxd5 O-O-O 12. Nc3 Qxf4 13. a3 Bg4 14. Qb3
Rd6 15. Rfe1 Bd7 16. Bxf7 Nd4 17. Nxd4 Qxd4 18. Be6 Qb6 19. Bxd7+ Kxd7 20. Qf7+
Kc6 21. Rac1 Qa5 22. Nd5+ Kb5 23. Nxc7+ Kb6 24. Re6 Qd2 25. Rxd6+ Bxd6 26. Qc4
Rc8 27. Nd5+ Qxd5 28. Qxc8 Qe5 29. g3 h5 30. Qc2 h4 31. Qb3+ Ka7 32. Qe3+ Qxe3
33. fxe3 hxg3 34. h4 Kb6 35. Kg2 a5 36. h5 Kb5 37. Rd1 Kc5 38. Rxd6 Kxd6 39.
Kxg3 Ke5 40. Kg4 Kf6 41. e4 a4 42. Kf4 g6 43. hxg6 Kxg6 44. Ke5 Kf7 45. Kd6 Ke8
46. Kc7 Ke7 47. Kxb7 Ke6 48. Kb6 Ke5 49. Kb5 Kxe4 50. Kxa4 Kd4 51. Kb5 Kd5 52.
Kb6 Kc4 53. a4 {Black resigns} 1-0

[Event "Team 45 45 League T43"]
[Site "Internet Chess Club"]
[Date "2009.12.06"]
[Round "6"]
[White "Wheels"]
[Black "koni"]
[Result "0-1"]
[WhiteElo "1987"]
[BlackElo "2009"]
[Opening "Pirc defense"]
[ECO "B07"]
[Time "16:03:52"]
[TimeControl "2700+45"]

1. e4 d6 2. d4 Nf6 3. Nc3 e5 4. dxe5 dxe5 5. Qxd8+ Kxd8 6. Nf3 Bd6 7. Bc4 Be6 8.
Bxe6 fxe6 9. O-O Ke7 10. Bg5 Nd7 11. Rad1 h6 12. Bh4 g5 13. Bg3 Rag8 14. Nd2 h5
15. f3 h4 16. Be1 g4 17. Kh1 a6 18. a4 Bc5 19. Nb3 gxf3 20. Rxf3 Ba7 21. Bf2
Bxf2 22. Rxf2 Rg4 23. Re2 Nh5 24. Kg1 Nf4 25. Rf2 Nh3+ 26. Kf1 Nxf2 27. Kxf2
Rf8+ 28. Kg1 Nf6 29. Nc5 b6 30. Nxa6 Nxe4 31. Rd3 Nxc3 32. Rxc3 c5 33. Nc7 Rxa4
34. h3 Ra5 35. Rb3 Rb8 36. Nb5 Ra1+ 37. Kh2 Kd7 38. Re3 Kc6 39. Nc3 Kd6 40. Nb5+
Kd5 41. Nc3+ Kd6 42. Nb5+ Kc6 43. Nc3 b5 44. Rxe5 Kd6 45. Re2 b4 46. Ne4+ Kd5
47. Nf6+ Kd6 48. Ne4+ Kc6 49. Ng5 Re8 50. Nxe6 Kd6 51. Nf4 Rxe2 52. Nxe2 Ra2 53.
g4 Rxb2 54. g5 {White resigns} 0-1

[Event "Team 45 45 League T43"]
[Site "Internet Chess Club"]
[Date "2009.12.07"]
[Round "6"]
[White "IceBox"]
[Black "Philly-Boy"]
[Result "0-1"]
[WhiteElo "1734"]
[BlackElo "1850"]
[Opening "QGD: Chigorin defense, Janowski variation"]
[ECO "D07"]
[Time "11:31:35"]
[TimeControl "2700+45"]

1. d4 d5 2. c4 Nc6 3. Nc3 dxc4 4. Nf3 Bg4 5. d5 Bxf3 6. exf3 Ne5 7. Bf4 Nd3+ 8.
Bxd3 cxd3 9. Qa4+ Qd7 10. Qxd7+ Kxd7 11. Rd1 Nf6 12. Rxd3 Nh5 13. Be3 g6 14. O-O
Bg7 15. Re1 Rae8 16. Bd4 Kc8 17. Bxg7 Nxg7 18. Rde3 e6 19. Rc1 a6 20. dxe6 Nxe6
21. Kf1 Rd8 22. Rd1 Rxd1+ 23. Nxd1 Rd8 24. Nc3 c6 25. g3 Kc7 26. Ke1 b5 27. b4
Nd4 28. Re7+ Rd7 29. Rxd7+ Kxd7 30. Ne4 Nxf3+ 31. Ke2 Nd4+ 32. Kd3 Ne6 33. Nf6+
Ke7 34. Ne4 f5 35. Nc3 Kd6 36. a4 c5 37. axb5 cxb4 38. Na2 b3 39. Nc3 axb5 40.
Nxb5+ Kc5 41. Nc3 Kb4 42. Nb1 Nc5+ 43. Kd4 b2 44. f3 Na4 45. h3 Kb3 46. Ke5 Kc2
47. Na3+ Kd3 48. g4 fxg4 49. hxg4 h5 50. gxh5 gxh5 51. Kf5 Ke3 52. f4 h4 53. Kg4
h3 54. Kxh3 Kxf4 55. Kg2 Ke3 56. Kf1 Kd3 57. Ke1 Kc3 58. Nb1+ Kc2 59. Na3+ Kb3
60. Nb1 Nc3 61. Nd2+ Kc2 62. Nc4 b1=Q+ 63. Kf2 Nd1+ 64. Kg2 Qb7+ {White resigns}
0-1

[Event "Team 45 45 League T43"]
[Site "Internet Chess Club"]
[Date "2009.12.07"]
[Round "6"]
[White "SquAREA51"]
[Black "calily"]
[Result "1-0"]
[WhiteElo "1625"]
[BlackElo "1612"]
[Opening "Caro-Kann: exchange, Rubinstein variation"]
[ECO "B13"]
[Time "13:15:10"]
[TimeControl "2700+45"]

1. e4 c6 2. d4 d5 3. exd5 cxd5 4. Bd3 Nf6 5. Bf4 Nc6 6. c3 Bg4 7. Qb3 Qd7 8. Nd2
e6 9. Ngf3 a6 10. O-O b5 11. Qc2 Be7 12. Rfe1 O-O 13. Ne5 Nxe5 14. Bxe5 g6 15.
h3 Bf5 16. Bxf5 exf5 17. f3 Kg7 18. b4 Bd6 19. Nb3 Bxe5 20. Rxe5 Rfe8 21. Nc5
Qc7 22. Rae1 Qc6 23. R1e3 Kf8 24. Qe2 f4 25. Rxe8+ Rxe8 26. Rxe8+ Nxe8 27. Qe5
Ng7 28. Qxf4 Ne6 29. Qf6 Kg8 30. Kf2 Qe8 31. Nxe6 Qxe6 32. Qxe6 fxe6 33. Ke3 Kf7
34. Kf4 Kf6 35. h4 h6 36. g4 g5+ 37. hxg5+ hxg5+ 38. Ke3 e5 39. dxe5+ Kxe5 40.
a3 Ke6 41. f4 Kf6 42. fxg5+ Kxg5 43. Kd4 {Black resigns} 1-0

[Event "Team 45 45 League T43"]
[Site "Internet Chess Club"]
[Date "2009.12.06"]
[Round "6"]
[White "Mambo"]
[Black "BrerRabbit"]
[Result "1-0"]
[WhiteElo "1678"]
[BlackElo "1546"]
[Opening "Pirc: classical (two knights) system"]
[ECO "B08"]
[Time "20:34:30"]
[TimeControl "2700+45"]

1. e4 d6 2. d4 Nf6 3. Nc3 g6 4. Nf3 Bg7 5. Bc4 Nc6 6. e5 dxe5 7. Nxe5 Nxe5 8.
dxe5 Qxd1+ 9. Kxd1 Ng4 10. Ke2 Nxe5 11. Bb3 Bf5 12. Rd1 c6 13. f3 Rd8 14. Rxd8+
Kxd8 15. Be3 b6 16. h3 Ke8 17. a4 c5 18. a5 c4 19. Ba4+ Bd7 20. axb6 axb6 21.
Bxb6 Bxa4 22. Rxa4 Kd7 23. Bd4 f6 24. Bxe5 fxe5 25. Rxc4 Ra8 26. Nd5 Bf6 27.
Nb6+ {Black resigns} 1-0

[Event "Team 45 45 League T43"]
[Site "Internet Chess Club"]
[Date "2009.12.06"]
[Round "6"]
[White "Gregorio"]
[Black "GeofDeV"]
[Result "1-0"]
[WhiteElo "2105"]
[BlackElo "1897"]
[Opening "English: ultra-symmetrical variation"]
[ECO "A36"]
[Time "09:08:07"]
[TimeControl "2700+45"]

1. c4 c5 2. g3 g6 3. Bg2 Bg7 4. Nc3 Nc6 5. h4 Nf6 6. d3 b6 7. Ne4 Bb7 8. Nxf6+
Bxf6 9. h5 Qc7 10. hxg6 fxg6 11. Bf4 Ne5 12. e4 Qd6 13. Bf1 O-O-O 14. Qd2 Qc6
15. O-O-O Qa4 16. Kb1 Bc6 17. Be2 Kb7 18. Bg5 d6 19. Bxf6 exf6 20. f4 Nf7 21.
Nf3 h6 22. Nh4 Rhg8 23. Rh2 a6 24. Qc3 Rdf8 25. Qxf6 Ne5 26. Qe7+ Nd7 27. Qxd6
Rf6 28. Qe7 Rgf8 29. e5 R8f7 30. exf6 Rxe7 31. fxe7 Nf6 32. Nxg6 Ng8 33. f5 Be8
34. Bf3+ Kc7 35. Re1 Qd7 36. Be4 Nxe7 37. Nxe7 Qxe7 38. Rxh6 Qg7 39. Rh3 Bd7 40.
Reh1 Qg4 41. f6 {Black resigns} 1-0